AoeStats
← Wolfaroth

Arena

505343030Analyzed
2v2 RM · 24d ago on Sep 9, 2026· 19m 9s· 4 players
Game mode
Random Map
Map size
Medium (4 player)
Population
200
Speed
Normal
Resources
Standard
Victory
Conquest
Starting age
Dark Age
Ending age
Imperial Age
RankedLock teamsTeams togetherTeam positionsShared explorationLock speedFull tech treeHidden civsTurbo modeCheats
Victory
Defeat
🇦🇷 Burgundians · Argentina
876
+12
🇦🇷 Cumans · Argentina
868
+12
🇬🇷 Franks · Greece
784
-12
🇬🇷 Britons · Greece
779
-12
peritrikala
0:33 Loom
12:34 Feudal Age
14:30 Man-at-Arms
Wolfaroth
11:11 Feudal Age
15:47 Castle Age
13:37 Double-Bit Axe
14:56 Horse Collar
15:44 Stone Mining
17:02 Gambesons
16:37 Man-at-Arms
19:44 Bow Saw
Tradermots
4:14 Loom
10:48 Feudal Age
12:50 Double-Bit Axe
LRNI_Brian23
6:43 Wheelbarrow
7:43 Double-Bit Axe
8:11 Horse Collar
9:53 Wheelbarrow
11:19 Feudal Age
13:19 Heavy Plow
13:32 Bow Saw
13:16 Arson
14:39 Gold Mining
16:45 Loom
17:39 Forging
17:30 Scale Mail Armor
18:23 Arson
18:30 Arson
Connection lost

Rejoining the realm…

Still unreachable

The connection could not be restored.

Session expired

The server has moved on; the page needs a fresh start.